 Dungeon Crawl Stone Soup version 0.24.0-125-gc4c63601f3 (webtiles) character file.

Game seed: 4759202629243817310, levelgen mode: deterministic

2578 LraC the Slinger (level 9, -4/61 HPs)
             Began as a Halfling Hunter on Mar 9, 2020.
             Was a Believer of Makhleb.
             Slain by a killer bee (6 damage)
             ... on level 7 of the Dungeon.
             The game lasted 00:58:56 (6435 turns).

LraC the Slinger (Halfling Hunter)                  Turns: 6435, Time: 00:58:57

Health: -4/61      AC:  4    Str: 13    XL:     9   Next: 88%
Magic:  9/9        EV: 16    Int: 10    God:    Makhleb [**....]
Gold:   286        SH:  0    Dex: 17    Spells: 8/8 levels left

rFire    + . .     SeeInvis .   p - +2 hand axe (chop)
rCold    + . .     Gourm    .   (shield restricted)
rNeg     . . .     Faith    .   c - +1 leather armour
rPois    +         Spirit   .   (no helmet)
rElec    +         Reflect  .   (no cloak)
rCorr    +         Harm     .   (no gloves)
MR       .....                  (no boots)
Stlth    +++.......             D - amulet of rage
HPRegen  0.20/turn              w - ring of stealth
MPRegen  0.11/turn              (no ring)

@: resistant
A: small, mutation resistance 1
a: Minor Destruction, Renounce Religion, Evoke Berserk Rage


You were on level 7 of the Dungeon.
You worshipped Makhleb.
Makhleb was pleased with you.
You were not hungry.

You visited 2 branches of the dungeon, and saw 8 of its levels.
You also visited: Ossuary.

You collected 286 gold pieces.

Inventory:

Hand Weapons
 a - a +2 hunting sling
 b - a +0 short sword
 g - a +2 quarterstaff of chaos
 p - a +2 hand axe of chopping (weapon)
 v - a +1 whip of distortion
Missiles
 e - 39 poisoned darts (quivered)
 h - 70 stones
 k - 112 arrows
 m - 2 throwing nets
 o - 16 boomerangs
 x - 74 bolts
Armour
 c - a +1 leather armour (worn)
 i - a cursed +0 cloak
Magical Staves
 A - an uncursed staff of energy
Jewellery
 w - a ring of stealth (left hand)
 D - an amulet of rage (around neck)
Wands
 u - a wand of acid (8)
 y - a wand of random effects (14)
Scrolls
 j - a scroll of teleportation
 n - a scroll of enchant weapon
 q - 2 scrolls of enchant armour
 r - 2 scrolls of identify
 s - a scroll of remove curse
 t - 2 scrolls of blinking
 z - 2 scrolls of immolation
Potions
 l - 2 potions of curing
 B - a potion of resistance
Comestibles
 f - 7 rations


   Skills:
 + Level 5.6 Fighting
 + Level 4.6 Axes
 + Level 12.8 Slings
 + Level 4.2 Armour
 + Level 4.0 Dodging
 + Level 2.6 Stealth


You had 8 spell levels left.
You didn't know any spells.
Your spell library was empty.

Dungeon Overview and Level Annotations

Branches:
Dungeon (7/15)             Temple (1/1) D:5         Ossuary (visited)

Altars:
Ashenzari
Cheibriados
Dithmenos
Elyvilon
Fedhas
Hepliaklqana
Kikubaaqudgha
Makhleb
Nemelex Xobeh
Qazlal
Ru
Sif Muna
Trog
Vehumet
Wu Jian
Yredelemnul
Zin

Annotations:
D:3 huge demons
Temple altars


Innate Abilities, Weirdness & Mutations

You are small and have problems with some larger weapons.
You are somewhat resistant to further mutation.


Message History

* * * LOW HITPOINT WARNING * * *
The killer bee misses you. The killer bee barely misses you. x2
You feel protected. The killer bee misses you.
The killer bee closely misses you. x2
The killer bee stings you.
* * * LOW HITPOINT WARNING * * *
You closely miss the killer bee.
The killer bee is severely wounded.
You closely miss the killer bee. The killer bee stings you.
* * * LOW HITPOINT WARNING * * *
The killer bee completely misses you. The killer bee closely misses you.
The killer bee stings you.
* * * LOW HITPOINT WARNING * * *
The killer bee misses you.
Aiming: Random Effects
Press: ? - help, Shift-Dir - straight line, f - killer bee
Aim: a killer bee (severely wounded)
The killer bee seems to slow down.
The killer bee barely misses you. The killer bee stings you.
You die...

..........##
####
##.....##
##...## ##..#
#..# . #..##
#..#...#
#.....##
#.....@#
#....yy(.#
#..##....(...
...#
###(..(....
..# ###..(...
.# #..### ..(
...(


You could see 2 killer bees.

Vanquished Creatures
  Eustachio (D:5)
  Duvessa (D:6)
  An ice beast (D:6)
  An orc warrior (D:4)
  2 ogres
  A phantom (D:6)
  A centaur (D:6)
  A necrophage (D:6)
  Blork the orc (D:6)
  A bullfrog (D:6)
  2 elf zombies (Ossuary)
  Dowan (D:6)
  A water moccasin skeleton (D:7)
  2 scorpions
  2 killer bees (D:7)
  3 howler monkeys
  A crimson imp (D:5)
  A bullfrog zombie (D:6)
  A jelly (D:5)
  3 hounds
  An orc wizard (D:4)
  3 human zombies
  Crazy Yiuf (D:2)
  A bullfrog skeleton (D:4)
  A gnoll shaman (D:5)
  3 orc priests
  A centaur zombie (Ossuary)
  2 iguanas (D:4)
  Natasha (thrice) (D:2)
  Ijyb (D:4)
  3 worker ants
  3 big kobold zombies (Ossuary)
  2 mummies (Ossuary)
  A howler monkey skeleton (D:4)
  9 adders
  3 gnolls (D:5)
  An ooze (D:5)
  A worm zombie (D:6)
  A worm (D:2)
  5 dart slugs
  A leopard gecko (D:1)
  9 orcs
  2 ball pythons
  5 bats
  A giant cockroach (D:2)
  7 goblins
  7 hobgoblins
  A quokka (D:5)
  2 frilled lizards
  A goblin zombie (Ossuary)
  9 hobgoblin zombies (Ossuary)
  2 jackal zombies
  12 kobolds
  11 kobold zombies (Ossuary)
  A leopard gecko zombie (D:7)
  6 orc zombies (Ossuary)
  A quokka skeleton (D:5)
  5 rats
  A bush (D:4)
158 creatures vanquished.

Notes
Turn   | Place    | Note
-------+----------+-------------------------------------------
     0 | D:1      | LraC the Halfling Hunter began the quest for the Orb.
     0 | D:1      | Reached XP level 1. HP: 14/14 MP: 1/1
   191 | D:1      | Reached skill level 6 in Slings
   247 | D:1      | Reached XP level 2. HP: 19/19 MP: 2/2
   589 | D:1      | Reached XP level 3. HP: 18/24 MP: 3/3
   955 | D:1      | Reached skill level 7 in Slings
  1230 | D:2      | Reached XP level 4. HP: 21/29 MP: 4/4
  1428 | D:2      | Found a runed translucent door.
  1429 | D:2      | Noticed Crazy Yiuf
  1435 | D:2      | Killed Crazy Yiuf
  1435 | D:2      | Reached skill level 1 in Armour
  1467 | D:2      | Noticed Natasha
  1472 | D:2      | Reached skill level 8 in Slings
  1473 | D:2      | Killed Natasha
  1473 | D:2      | Reached XP level 5. HP: 29/34 MP: 5/5
  1562 | D:2      | Noticed Natasha
  1573 | D:2      | Killed Natasha
  1594 | D:2      | Noticed Natasha
  1604 | D:2      | Killed Natasha
  1924 | D:3      | Found a shadowy altar of Dithmenos.
  2218 | D:3      | Reached XP level 6. HP: 41/41 MP: 6/6
  2337 | D:3      | Found a burning altar of Makhleb.
  2337 | D:3      | Noticed a balrug
  2341 | D:3      | Noticed a hellwing
  2341 | D:3      | Noticed a ynoxinul
  2343 | D:3      | Became a worshipper of Makhleb the Destroyer
  2371 | D:3      | Found an ornate altar of the Wu Jian Council.
  2749 | D:4      | Reached skill level 9 in Slings
  2755 | D:4      | Noticed an orc warrior
  2770 | D:4      | Killed an orc warrior
  2823 | D:4      | Reached skill level 10 in Slings
  2823 | D:4      | Reached XP level 7. HP: 25/45 MP: 7/7
  2898 | D:4      | Found a blossoming altar of Fedhas.
  2936 | D:4      | Found a basalt altar of Yredelemnul.
  2951 | D:4      | Found a glowing silver altar of Zin.
  3227 | D:4      | Noticed Ijyb
  3240 | D:4      | Killed Ijyb
  3240 | D:4      | Reached skill level 11 in Slings
  3478 | D:4      | Reached XP level 8. HP: 47/52 MP: 8/8
  3617 | D:5      | Entered Level 5 of the Dungeon
  3819 | D:5      | Reached skill level 1 in Axes
  3839 | D:5      | Noticed Eustachio
  3871 | D:5      | Killed Eustachio
  3871 | D:5      | Reached skill level 12 in Slings
  4168 | D:5      | Found a bloodstained altar of Trog.
  4444 | D:5      | Found a staircase to the Ecumenical Temple.
  4605 | Temple   | Entered the Ecumenical Temple
  4985 | D:6      | Reached * piety under Makhleb
  5177 | D:6      | Reached XP level 9. HP: 59/59 MP: 9/9
  5237 | D:6      | Noticed Blork the orc
  5295 | D:6      | Killed Blork the orc
  5323 | D:6      | Found a sand-covered staircase.
  5367 | Ossuary  | Entered an ossuary
  5494 | Ossuary  | Reached skill level 5 in Fighting
  5495 | Ossuary  | Reached ** piety under Makhleb
  5927 | D:6      | Noticed Duvessa
  5932 | D:6      | Noticed Dowan
  5948 | D:6      | Killed Duvessa
  5952 | D:6      | Killed Dowan
  6434 | D:7      | HP: 2/61 [killer bee (3)]
  6435 | D:7      | Slain by a killer bee

Levels and vault maps discovered:
D:1:      minmay_arrival_doors, layout_basic
D:2:      layout_basic, chequers_serial_rivers_micro_b, corexii_hall_statues_l,
          uniq_natasha, uniq_crazy_yiuf_cottage
D:3:      layout_basic, nicolae_overflow_hidden_temple,
          makhleb_altar_promises_db, old_standard_altar, skrybe_limestone_x,
          hangedman_decor_growths
D:4:      minmay_wonky_spiral, layout_basic, fedhas_ov_isle_minmay,
          grunt_temple_overflow_open, uniq_ijyb
D:5:      layout_loops_cross, lightli_temple_of_fire, minmay_temple_entry_mist,
          first_ration, uniq_eustachio
D:6:      layout_basic, enter_ossuary_3, uniq_blork_the_orc, uniq_duvessa
D:7:      layout_layer_cave
Temple:   zaba_magenta_temple

Skill      XL: |  1  2  3  4  5  6  7  8  9 |
---------------+----------------------------+-----
Slings         | 6 7 8 10 11 12 | 12.8
Fighting       | 2 3 4 5 |  5.6
Armour         | 1 2 3 4 |  4.2
Stealth        | 2 |  2.6
Axes           | 2 4 |  4.6
Dodging        | 3 4 |  4.0

Action                   |  1- 3 |  4- 6 |  7- 9 || total
-------------------------+-------+-------+-------++-------
Melee: Hand axe          |       |       |   204 ||   204
 Fire: Hunting sling     |    65 |   104 |   330 ||   499
Evoke: Wand              |       |       |     2 ||     2
  Use: Potion            |     2 |     1 |     8 ||    11
       Scroll            |     5 |     5 |     8 ||    18
  Eat: Ration            |     1 |     1 |     3 ||     5
Armor: Leather armour    |     2 |     1 |    46 ||    49
Dodge: Dodged            |     8 |    12 |   217 ||   237
